 Dungeon Crawl Stone Soup version 0.18-a0-1347-gb9e2fb4 (webtiles) character file.

400 Oddball22 the Magician (level 6, -7/28 HPs)
             Began as a Vine Stalker Enchanter on Feb 17, 2016.
             Killed by nerve-wracking pain
             ... invoked by an orc priest
              (9 damage)
             ... on level 3 of the Dungeon.
             The game lasted 00:09:47 (2618 turns).

Oddball22 the Magician (Vine Stalker Enchanter)     Turns: 2618, Time: 00:09:49

Health: -7/28      AC:  4    Str: 11    XL:     6   Next: 84%
Magic:  0/13       EV: 13    Int: 15    God:
Gold:   112        SH:  0    Dex: 16    Spells: 5 memorised, 1 level left

rFire  . . .     SeeInvis .     a - +1 dagger
rCold  . . .     Gourm    .     b - +1 robe
rNeg   . . .     Faith    .     (no shield)
rPois  .         Spirit   +     (no helmet)
rElec  .         Dismiss  .     (no cloak)
rCorr  +         Reflect  .     (no gloves)
SustAt .         Harm     .     k - +0 pair of boots
MR     .....                    (no amulet)
Stlth  +++.......               (no ring)
                                j - ring of resist corrosion

@: not resistant to hostile enchantments, fairly stealthy
A: fangs 2, regeneration 2, magic shield, antimagic bite, no device heal 3, rot
immunity
a: no special abilities


You were on level 3 of the Dungeon.
You were not hungry.

You visited 1 branch of the dungeon, and saw 4 of its levels.

You collected 112 gold pieces.

Inventory:

Hand Weapons
 a - a +1 dagger (weapon)
Armour
 b - a +1 robe (worn)
 k - a +0 pair of boots (worn)
Jewellery
 j - a ring of resist corrosion (left hand)
Scrolls
 e - 2 scrolls of remove curse {unknown}
 i - a scroll of enchant weapon {unknown}
 l - a scroll of recharging {unknown}
Potions
 m - a potion of curing {unknown}
 n - 2 potions of brilliance {unknown}
 o - a potion of flight {unknown}
 p - a potion of heal wounds {unknown}
Books
 c - a book of Maledictions

   Spells                             Type                      Level
   a - Corona                         Hexes                        1
   b - Ensorcelled Hibernation        Hexes/Ice                    2
   c - Confuse                        Hexes                        3
   d - Tukima's Dance                 Hexes                        3
   e - Dazzling Spray                 Conjuration/Hexes            3
Comestibles
 d - 3 bread rations
 g - 5 fruits
 h - 4 meat rations


   Skills:
 - Level 4.0 Short Blades
 - Level 3.0 Dodging
 - Level 3.6 Stealth
 + Level 4.1 Spellcasting
 * Level 3.4 Hexes


You had one spell level left.
You knew the following spells:

 Your Spells              Type           Power        Failure   Level  Hunger
a - Corona                Hex            ##.....      6%          1    None
b - Ensorcelled Hibernat  Hex/Ice        #.....       14%         2    ##.....
c - Confuse               Hex            ##......     17%         3    ###....
d - Tukima's Dance        Hex            ##......     17%         3    ###....
e - Dazzling Spray        Conj/Hex       #.......     30%         3    ###....


Dungeon Overview and Level Annotations

Branches:
Dungeon (4/15)
 Temple: D:4-7

Altars:
Ru

Annotations:
D:4 Menkaure


Innate Abilities, Weirdness & Mutations

You have extremely sharp teeth.
You heal very quickly.
When hurt, damage is shared between your health and your magic reserves.
Your bite disrupts and absorbs the magic of your enemies.
Potions and wands cannot restore your health.
You are immune to rotting.


Message History

Aim: an orc priest, wielding a club (chance to defeat MR: 38%)
The orc priest resists with some effort.
The orc priest misses you. The orc hits you but does no damage.
The orc priest mumbles some strange prayers to Beogh against you.
Beogh smites you!
* * * LOW HITPOINT WARNING * * *
Casting: Ensorcelled Hibernation
Confirm with . or Enter, or press ? or * to list all spells.
Aiming: Ensorcelled Hibernation
Press: ? - help, Shift-Dir - straight line, f/p - orc priest
Aim: an orc priest, wielding a club (chance to defeat MR: 38%)
The orc priest looks drowsy...
The orc priest barely misses you.
The helpless orc priest fails to defend itself.
You impale the orc priest!!
You kill the orc priest!
The orc hits you with a mace!
* * * LOW HITPOINT WARNING * * *
The orc priest calls down the wrath of Beogh upon you.
Pain shoots through your body!
You die...

...#########..###########
...#.....# #..##
.........####..#
..#........##..##
..#........##...#
..#........###..#####
..#.................#
.##........####oo##.#
...............)@##.#
.##........########.#
.##........##### #.#
.#.............# #.#
.#......รท......# #.#
.#.....(.......# #.#
##.............# #.#
#.............# #.#
#.)...........# #.#


You could see an orc priest and an orc.

Vanquished Creatures
  Sigmund (D:2)
  An orc priest (D:3)
  Terence (D:2)
  2 orc wizards
  A worker ant (D:3)
  A worker ant zombie (D:3)
  2 adders
  An ooze (D:3)
  8 orcs
  2 giant cockroaches (D:2)
  10 goblins
  5 hobgoblins
  5 jackals (D:2)
  A quokka (D:3)
  9 bats
  4 giant newts
  9 kobolds
  11 rats
74 creatures vanquished.

Notes
Turn   | Place    | Note
--------------------------------------------------------------
     0 | D:1      | Oddball22 the Vine Stalker Enchanter began the quest for the Orb.
     0 | D:1      | Reached XP level 1. HP: 9/9 MP: 4/4
    22 | D:1      | Reached skill level 1 in Short Blades
   198 | D:1      | Reached XP level 2. HP: 13/13 MP: 4/6
   481 | D:1      | You fall through a shaft!
   491 | D:2      | Noticed Terence
   524 | D:2      | Learned a level 2 spell: Ensorcelled Hibernation
   538 | D:2      | Found a sacrificial altar of Ru.
   616 | D:2      | Reached XP level 3. HP: 16/16 MP: 7/7
   665 | D:2      | Killed Terence
   819 | D:2      | Reached XP level 4. HP: 21/21 MP: 9/9
   855 | D:2      | Noticed Sigmund
  1284 | D:2      | Found a sacrificial altar of Ru.
  1363 | D:2      | Killed Sigmund
  1363 | D:2      | Reached XP level 5. HP: 24/24 MP: 8/11
  1363 | D:2      | Gained mutation: You heal very quickly. [Vine Stalker growth]
  1363 | D:2      | Reached XP level 6. HP: 28/28 MP: 8/12
  1729 | D:3      | Learned a level 3 spell: Confuse
  1733 | D:3      | Learned a level 3 spell: Tukima's Dance
  1814 | D:3      | Reached skill level 4 in Short Blades
  2051 | D:3      | Learned a level 3 spell: Dazzling Spray
  2290 | D:3      | Found a faded altar to an unknown god.
  2576 | D:4      | Noticed Menkaure
  2618 | D:3      | Killed from afar by an orc priest

Vault maps used:
D:1:      onia_arrival_mini_spirals
D:2:      nicolae_overflow_crystal_walls, first_bread,
          nicolae_ru_great_annihilating_truth, uniq_terence, uniq_sigmund
D:3:      ecumenical_altar_1
D:4:      uniq_menkaure

Action                   |  1- 3 |  4- 6 || total
-------------------------+-------+-------++-------
Melee: Dagger            |    79 |   169 ||   248
 Cast: Corona            |     6 |     2 ||     8
       Ensorcelled Hiber |     1 |     9 ||    10
 Stab: Sleeping          |     4 |    16 ||    20
  Eat: Chunk             |       |     6 ||     6
